 Dungeon Crawl Stone Soup version 0.30-a0-122-g2a1322497e (webtiles) character file.

Game seed: 5503585720264226855

1852 Dreamer the Covert (level 8, -2/43 HPs)
             Began as a Vampire Enchanter on Sept 16, 2022.
             Was an Initiate of Wu Jian.
             Splashed by a jelly's acid (9 damage)
             ... on level 6 of the Dungeon.
             The game lasted 00:25:52 (9232 turns).

Dreamer the Covert (Vampire Enchanter)              Turns: 9232, Time: 00:25:53

Health: -2/43      AC:  0    Str:  7      XL:     8   Next: 88%
Magic:  15/19      EV: 13    Int: 22 (23) God:    Wu Jian [......]
Gold:   289        SH:  0    Dex: 21 (23) Spells: 11/22 levels left

rFire   . . .      SeeInvis +    a - +1 dagger
rCold   + + .      Faith    .    (no shield)
rNeg    + + +      Spirit   .    b - +0 robe
rPois   ∞          Reflect  .    (no helmet)
rElec   .          Harm     .    (no cloak)
rCorr   .          Rampage  .    e - +0 pair of gloves
Will    .....                    i - +0 pair of boots
Stlth   +++++++...               (no amulet)
HPRegen 0.00/turn                r - +6 ring of intelligence
MPRegen 0.16/turn                A - +6 ring of dexterity

@: corroded, bloodless, inhibited regen
A: bloodless, fangs 3, see invisible, vampiric 2
a: Bat Form, Revivify, Renounce Religion


You were on level 6 of the Dungeon.
You worshipped Wu Jian.
Wu Jian was noncommittal.
You visited 2 branches of the dungeon, and saw 8 of its levels.

You collected 289 gold pieces.

Inventory:

Hand Weapons
 a - a +1 dagger (weapon)
Armour
 b - a +0 robe (worn)
 e - a +0 pair of gloves (worn)
 i - a +0 pair of boots (worn)
Jewellery
 q - a ring of flight
 r - a +6 ring of intelligence (left hand)
 A - a +6 ring of dexterity (right hand)
 E - a ring of ice
Wands
 h - a wand of mindburst (7)
 x - a wand of charming (6)
 C - a wand of acid (7)
 H - a wand of flame (9)
Scrolls
 d - 3 scrolls of teleportation {unknown}
 f - a scroll of enchant weapon {unknown}
 k - 3 scrolls of magic mapping
 l - a scroll of amnesia {unknown}
 n - a scroll of summoning {unknown}
 o - 2 scrolls of enchant armour {unknown}
 p - a scroll of fear {unknown}
 t - 2 scrolls of acquirement {unknown}
 y - 2 scrolls of blinking {unknown}
 z - 2 scrolls of silence {unknown}
 B - a scroll of vulnerability {unknown}
 D - a scroll of brand weapon {unknown}
 F - a scroll of immolation {unknown}
 G - a scroll of identify
Potions
 c - a potion of ambrosia {unknown}
 g - a potion of mutation {unknown}
 j - 2 potions of brilliance
 m - 2 potions of haste
 s - 2 potions of lignification
 u - a potion of heal wounds {unknown}
 v - a potion of attraction {unknown}
 w - a potion of experience {unknown}


   Skills:
 + Level 1.1 Fighting
 + Level 2.0 Short Blades
 + Level 2.8 Dodging
 + Level 9.9 Stealth
 + Level 7.5 Spellcasting
 - Level 8.9 Hexes


You had 11 spell levels left.
You knew the following spells:

 Your Spells              Type           Power      Damage    Failure   Level
a - Ensorcelled Hibernat  Hex/Ice        56%        N/A       1%          2
b - Confusing Touch       Hex            47%        N/A       1%          3
c - Tukima's Dance        Hex            47%        N/A       1%          3
d - Dazzling Flash        Conj/Hex       56%        N/A       3%          3

Your spell library contained the following spells:

 Spells                   Type           Power      Damage    Failure   Level
 Portal Projectile        Hex/Tloc       56%        N/A       3%          3
 Sandblast                Erth           16%        2d6       8%          1
 Sting                    Tmut/Pois      32%        1d4       8%          1
 Passwall                 Tmut/Erth      6%         N/A       12%         2
 Poisonous Vapours        Pois/Air       16%        N/A       12%         2
 Stone Arrow              Conj/Erth      16%        3d8       24%         3
 Olgreb's Toxic Radiance  Pois           8%         N/A       61%         4
 Blade Hands              Tmut           4%         N/A       91%         5
 Fireball                 Conj/Fire      4%         3d4       91%         5
 Iskenderun's Battlesphe  Conj           8%         2d6       91%         5
 Conjure Ball Lightning   Conj/Air       4%         3x3d6     100%        6
 Orb of Destruction       Conj           4%         9d5       100%        7


Dungeon Overview and Level Annotations

Branches:
Dungeon (7/15)             Temple (1/1) D:5

Altars:
Cheibriados
Gozag
Okawaru
Vehumet
Wu Jian
Xom

Shops:
D:5 *


Innate Abilities, Weirdness & Mutations

You do not regenerate when monsters are visible.
You are frail without blood (-20% HP).
You can heal yourself when you bite living creatures.
You are immune to poison.
You have razor-sharp teeth.
You have supernaturally acute eyesight. (SInv)
You are afflicted with vampirism and can become a bat while bloodless.


Message History

The adder struggles to resist.
The adder bites you. The adder misses you.
The adder looks drowsy...
The helpless adder fails to defend itself.
You bite the adder, and draw its blood!
You feel better.
You stick the adder like a pincushion!!!
You kill the adder!
The Council accepts your kill.
You start resting.
Magic restored.
You see here a +0 giant club.
You see here an iguana corpse.
You see here the +4 great sword of Pain and Death {antimagic, rC++}.
You see here an iguana corpse.
Found a stone staircase leading down.
Found a stone staircase leading down.
You now have 289 gold pieces (gained 10).
A jelly comes into view.
Found a glowing cloak and a hand axe.
Found a quarterstaff.
Found a runed chain mail.
Found 8 gold pieces.
The jelly quivers.
You hit the jelly.
Your hands burn!
You bite the jelly, but do no damage.
The jelly is lightly wounded.
The jelly hits you.
You are splashed with acid!
The jelly struggles to resist.
The jelly closely misses you.
The jelly struggles to resist.
The jelly hits you. The acid corrodes you!
You are splashed with acid!
You are too injured to fight recklessly!
You are too injured to fight recklessly!
You hit the jelly.
Your hands burn!
The jelly is moderately wounded.
The jelly misses you.
You hit the jelly but do no damage.
Your hands burn!
* * * LOW HITPOINT WARNING * * *
The jelly is moderately wounded.
The jelly hits you.
* * * LOW HITPOINT WARNING * * *
You are splashed with acid!
You die...

##.# #..## #..#
##.###.## ##.#
...##..# #.# ##....##
#.# #.#.......# ####.#
#.##.####.######....##
#.#..# #.....#[.....##
#...## ..............#
#### .......@......)#
$......J.......#
...............#
...............#
.......).......#
...............#
.....[........##
#.....##.....##


You could see a jelly.

Vanquished Creatures
  Eustachio (D:5)
  The ghost of Dreamer the Insei, an amateur OpTm (D:4)
  A water moccasin (D:5)
  A sky beast (D:3)
  A black bear (D:5)
  3 phantoms
  3 ogres
  3 scorpions
  A howler monkey (D:5)
  7 hounds
  An orc priest (D:4)
  2 iguanas (D:6)
  Terence (D:3)
  2 orc wizards
  12 adders
  A shadow imp (D:6)
  A white imp (D:5)
  3 ufetubi
  2 worms
  5 dart slugs
  18 orcs
  5 ball pythons
  7 bats
  4 endoplasms
  5 giant cockroaches
  10 goblins
  4 hobgoblins
  4 jackals (D:3)
  14 kobolds
  2 quokkas
  7 frilled lizards
  4 rats
136 creatures vanquished.

Vanquished Creatures (others)
  An orc (D:4)
1 creature vanquished.

Grand Total: 137 creatures vanquished

Notes
Turn   | Place    | Note
-------+----------+-------------------------------------------
     0 | D:1      | Dreamer the Vampire Enchanter began the quest for the Orb.
     0 | D:1      | Reached XP level 1. HP: 13/13 MP: 3/3
    95 | D:1      | Found a faded altar of an unknown god.
   163 | D:1      | Reached XP level 2. HP: 17/19 MP: 5/5
   175 | D:1      | Learned a level 2 spell: Ensorcelled Hibernation
   792 | D:1      | Reached skill level 5 in Stealth
   792 | D:1      | Gained mutation: You are afflicted with vampirism and can
                  | become a bat while bloodless. [Vampire growth]
   792 | D:1      | Reached XP level 3. HP: 24/24 MP: 1/7
  1201 | D:2      | Reached skill level 5 in Hexes
  1689 | D:2      | Reached XP level 4. HP: 30/30 MP: 5/8
  2136 | D:3      | Learned a level 3 spell: Confusing Touch
  2140 | D:3      | Learned a level 3 spell: Tukima's Dance
  2696 | D:3      | Noticed Terence
  2835 | D:3      | Killed Terence
  2836 | D:3      | Reached XP level 5. HP: 28/28 MP: 1/10
  2937 | D:3      | Noticed a sky beast
  2965 | D:3      | Killed a sky beast
  2966 | D:3      | Reached skill level 6 in Stealth
  3152 | D:3      | Reached XP level 6. HP: 32/32 MP: 4/12
  3285 | D:3      | Found a snail-covered altar of Cheibriados.
  3285 | D:3      | Found a radiant altar of Vehumet.
  3677 | D:4      | HP: 1/32 [orc/+0 whip (6)]
  4130 | D:4      | Noticed Dreamer's ghost (amateur OpTm)
  4139 | D:4      | Found a runed translucent gate.
  4139 | D:4      | Found a runed translucent gate.
  4139 | D:4      | Found a runed translucent gate.
  4431 | D:3      | Reached skill level 7 in Stealth
  4431 | D:3      | Reached skill level 5 in Spellcasting
  5061 | D:4      | Reached XP level 7. HP: 36/36 MP: 7/14
  5976 | D:4      | Killed Dreamer's ghost
  6011 | D:5      | Entered Level 5 of the Dungeon
  6089 | D:5      | Found a staircase to the Ecumenical Temple.
  6256 | Temple   | Entered the Ecumenical Temple
  6261 | Temple   | Became a worshipper of the Wu Jian Council
  6610 | D:5      | Noticed Eustachio
  6614 | D:5      | Killed Eustachio
  6615 | D:5      | Reached skill level 8 in Stealth
  6718 | D:5      | Reached XP level 8. HP: 26/41 MP: 8/17
  7140 | D:5      | Reached skill level 9 in Stealth
  7442 | D:5      | Found Duseib's Serpentskin Sales.
  7611 | D:5      | HP: 2/41 [ogre/+0 giant club (9)]
  8204 | D:7      | Noticed a two-headed ogre
  8541 | D:6      | Learned a level 3 spell: Dazzling Flash
  9032 | D:6      | Reached skill level 1 in Fighting
  9123 | D:6      | Identified the +4 great sword of Pain and Death {antimagic,
                  | rC++}
  9232 | D:6      | Splashed by a jelly's acid

Illustrated notes

Levels and vault maps discovered:
D:1:      dpeg_arrival_erosion, layout_basic,
          hellmonk_ecumenical_altar_pennies_from_heaven, minivault_5,
          minmay_split_cup_large
D:2:      layout_loops_cross
D:3:      layout_basic, gammafunk_temple_overflow_wave, uniq_terence
D:4:      layout_basic, gammafunk_ghost_split, kennysheep_generic_room_4
D:5:      minmay_chambers_of_threes, layout_basic, minmay_temple_entry_trees,
          nrook_loot_triangle, guppyfry_shop_venom, uniq_eustachio
D:6:      layout_rooms, minmay_misc_feat_more_columns, minmay_checkerbox
D:7:      layout_basic, david_defended_altar_orc
Temple:   regret_index_temple_chain_breaker

Skill      XL: |  1  2  3  4  5  6  7  8 |
---------------+-------------------------+-----
Stealth        | 5 6 7 8 9 |  9.9
Hexes          | 5 6 7 8 |  8.9
Spellcasting   | 3 4 5 6 7 |  7.5
Fighting       | 1 |  1.1
Short Blades   | 2 |  2.0
Dodging        | |  2.8

Action                   |  1- 3 |  4- 6 |  7- 9 || total
-------------------------+-------+-------+-------++-------
Melee: Dagger            |   103 |   103 |   114 ||   320
       Bite              |     9 |     8 |    11 ||    28
       Punch             |       |     1 |     1 ||     2
 Cast: Ensorcelled Hiber |    25 |    62 |    48 ||   135
       Confusing Touch   |       |       |     8 ||     8
Invok: Lunge             |       |       |     8 ||     8
 Abil: Exsanguinate      |       |     1 |       ||     1
       End Transformatio |       |       |     2 ||     2
       Bat Form          |       |       |     2 ||     2
  Use: Scroll            |       |     4 |     2 ||     6
       Potion            |       |     2 |     1 ||     3
 Stab: Sleeping          |    23 |    48 |    22 ||    93
       Distracted        |       |     1 |     1 ||     2
       Invisible         |       |     1 |     1 ||     2
       Confused          |       |       |     9 ||     9
Armor: Robe              |    24 |    35 |    29 ||    88
Dodge: Dodged            |    50 |    64 |   125 ||   239

Table legend: (Time is in decaauts)
 A = Elapsed time spent in this place.
 B = Non-inter-level travel time spent in this place.
 C = Inter-level travel time spent in this place.
 D = Time resting spent in this place.
 E = Time spent auto-exploring this place.
 F = Levels seen in this place.
 G = Mean time per level.
                   A        B        C        D        E       F      G
               +--------+--------+--------+--------+--------+-----+--------+
         Total |   9202 |   8890 |    312 |   2864 |   4029 |   8 | 1150.2 |
       Dungeon |   9190 |   8878 |    312 |   2864 |   4029 |   7 | 1312.9 |
        Temple |     11 |     11 |      0 |      0 |      0 |   1 |   11.0 |
               +--------+--------+--------+--------+--------+-----+--------+

Top non-repeatable levels by time:
     D:3: 2158 daAuts
     D:5: 2104 daAuts
     D:4: 1663 daAuts
     D:1: 1191 daAuts
     D:2: 985 daAuts
     D:6: 795 daAuts
     D:7: 291 daAuts
  Temple: 11 daAuts
